 Dungeon Crawl Stone Soup version 0.31-a0-182-gc5ef74bbde (webtiles) character file.

Game seed: 15260529216369202789

110 Anon1729 the Trooper (level 4, 0/41 HPs)
             Began as a Minotaur Monk on June 20, 2023.
             Killed from afar by an orc wizard (8 damage)
             ... with a magic dart
             ... on level 3 of the Dungeon.
             The game lasted 00:00:37 (1560 turns).

Anon1729 the Trooper (Minotaur Monk)                Turns: 1560, Time: 00:00:38

Health: 0/41       AC:  2    Str: 15    XL:     4   Next: 61%
Magic:  4/4        EV: 13    Int:  7    God:
Gold:   104        SH:  0    Dex: 15    Spells: 3/3 levels left

rFire   . . .        q - +0 dagger (speed)
rCold   . . .        d - orb {light}
rNeg    . . .        b - +0 robe
rPois   .            (helmet restricted)
rElec   .            (no cloak)
rCorr   .            (no gloves)
SInv    .            (no boots)
Will    .....        (no amulet)
Stlth   +            (no ring)
HPRegen 0.26/turn    (no ring)
MPRegen 0.09/turn

%: no passive effects
@: confused, glowing
A: horns 2, retaliatory headbutt
a: no special abilities


You were on level 3 of the Dungeon.
You visited 1 branch of the dungeon, and saw 3 of its levels.

You collected 104 gold pieces.

Inventory:

Hand Weapons
 a - a +0 short sword
 p - a +0 club
 q - a +0 dagger of speed (weapon)
Armour
 b - a +0 robe (worn)
 d - an orb of light (worn)
Jewellery
 k - a +6 ring of dexterity
Scrolls
 e - a scroll of enchant armour {unknown}
 f - 2 scrolls of teleportation {unknown}
 g - 5 scrolls of identify {unknown}
 j - a scroll of revelation {unknown}
 n - a scroll of fog {unknown}
Potions
 c - a potion of ambrosia
 h - 3 potions of curing {unknown}
 i - 3 potions of enlightenment {unknown}
 l - a potion of magic {unknown}
 m - a potion of might {unknown}
 o - a potion of berserk rage {unknown}


   Skills:
 + Level 4.4 Fighting
 + Level 4.0 Short Blades
 + Level 1.8 Armour
 + Level 4.0 Dodging
 + Level 1.5 Invocations


You had 3 spell levels left.
You didn't know any spells.
Your spell library contained the following spells:

 Spells                   Type           Power      Damage    Failure   Level
 Magic Dart               Conj           0%         1d3       43%         1
 Necrotise                Necr           0%         1d4       43%         1
 Call Imp                 Summ           0%         N/A       56%         2
 Mephitic Cloud           Conj/Pois/Air  0%         N/A       80%         3
 Vampiric Draining        Necr           0%         2d6       80%         3
 Agony                    Necr           0%         N/A       100%        5


Dungeon Overview and Level Annotations

Branches:
Dungeon (3/15)

Altars:


Innate Abilities, Weirdness & Mutations

You have a pair of horns on your head.
You reflexively headbutt those who attack you in melee.


Message History

You hit the orc wizard but do no damage.
Your headbutt misses the orc wizard. You barely miss the orc wizard.
Your headbutt misses the orc wizard.
The orc wizard gestures at you while chanting.
The puff of flame hits you!
* * * LOW HITPOINT WARNING * * *
You hit the orc wizard. You headbutt the orc wizard.
The orc wizard is lightly wounded.
The orc wizard barely misses you. You furiously retaliate!
You headbutt the orc wizard.
You hit the orc wizard but do no damage.
You headbutt the orc wizard.
The orc wizard is heavily wounded.
The orc wizard closely misses you.
p - a +0 club (weapon)
Your hands tingle!
q - a +0 dagger of speed (weapon)
The orc wizard hits you with a +0 dagger.
* * * LOW HITPOINT WARNING * * *
You hit the orc wizard.
You headbutt the orc wizard, but do no damage.
The orc wizard is severely wounded.
You barely miss the orc wizard. Your headbutt misses the orc wizard.
The orc wizard is severely wounded.
The orc wizard casts a spell at you.
You are confused.
You hit the orc wizard but do no damage.
Your headbutt misses the orc wizard.
The orc wizard is severely wounded.
You hit the orc wizard. Your headbutt misses the orc wizard.
The orc wizard is severely wounded.
The orc wizard hits you with a +0 dagger.
* * * LOW HITPOINT WARNING * * *
You bump into the rock wall.
The orc wizard hits you with a +0 dagger.
* * * LOW HITPOINT WARNING * * *
You bump into the rock wall.
The orc wizard gestures at you while chanting.
The magic dart hits you!
You die...

# .. .. #. ..
.. ..#. .#
#..#.#.#
#......#
..#.o. ..#o#
#.#@# #.#.#
#...# # ##..#
#.##..###
#.......##
#........###
#..........##
#.......##..#


You could see an orc wizard (invisible) and an orc.

Vanquished Creatures
  An orc wizard (D:3)
  4 gnolls (D:3)
  4 dart slugs
  2 orcs (D:3)
  5 ball pythons
  2 endoplasms (D:1)
  A giant cockroach (D:1)
  2 goblins (D:3)
  6 hobgoblins
  2 quokkas (D:1)
  4 bats (D:1)
  2 frilled lizards
  4 kobolds
  2 rats
41 creatures vanquished.

Notes
Turn   | Place    | Note
-------+----------+-------------------------------------------
     0 | D:1      | Anon1729 the Minotaur Monk began the quest for the Orb.
     0 | D:1      | Reached XP level 1. HP: 19/19 MP: 0/0
   141 | D:1      | Reached XP level 2. HP: 26/27 MP: 1/1
   775 | D:1      | Reached XP level 3. HP: 29/33 MP: 2/2
  1256 | D:3      | Reached skill level 1 in Armour
  1261 | D:3      | Reached skill level 1 in Invocations
  1323 | D:3      | Reached XP level 4. HP: 38/40 MP: 3/3
  1560 | D:3      | Killed from afar by an orc wizard

Illustrated notes

Levels and vault maps discovered:
D:1:      lemuel_arrival_hallway, layout_basic, minivault_23
D:2:      layout_basic
D:3:      layout_basic

Skill      XL: |  1  2  3  4 |
---------------+-------------+-----
Fighting       | 4 |  4.4
Armour         | 1 |  1.8
Invocations    | 1 |  1.5
Short Blades   | 4 |  4.0
Dodging        | 4 |  4.0

Action                     |  1- 3 |  4- 6 || total
---------------------------+-------+-------++-------
  Melee: Short sword       |    81 |    37 ||   118
         Headbutt          |    16 |    13 ||    29
         Dagger            |       |     4 ||     4
 Armour: Robe              |     7 |     1 ||     8
  Dodge: Dodged            |    39 |    15 ||    54

Table legend: (Time is in decaauts)
 A = Elapsed time spent in this place.
 B = Non-inter-level travel time spent in this place.
 C = Inter-level travel time spent in this place.
 D = Time resting spent in this place.
 E = Time spent auto-exploring this place.
 F = Levels seen in this place.
 G = Mean time per level.
                   A        B        C        D        E       F      G
               +--------+--------+--------+--------+--------+-----+--------+
         Total |   1535 |   1510 |     25 |     45 |   1252 |   3 |  511.7 |
       Dungeon |   1535 |   1510 |     25 |     45 |   1252 |   3 |  511.7 |
               +--------+--------+--------+--------+--------+-----+--------+

Top non-repeatable levels by time:
     D:1: 812 daAuts
     D:2: 423 daAuts
     D:3: 299 daAuts
